 Dungeon Sprint DCSS version 0.23.2-30-g0e89c35649 (webtiles) character file.

Game seed: 1976214061558420240

721 Baz the Nimble (level 7, -17/60 HPs)
             Began as a Demonspawn Gladiator on June 24, 2019.
             Was a Believer of Makhleb.
             Demolished by a death cob (21 damage)
             ... in the Dungeon (Sprint V: "Ziggurat Sprint").
             The game lasted 00:03:12 (540 turns).

Baz the Nimble (Demonspawn Gladiator)                Turns: 540, Time: 00:03:12

Health: -17/60     AC: 29    Str: 16    XL:     7   Next: 43%
Magic:  0/7        EV:  0    Int: 10    God:    Makhleb [**....]
Gold:   0          SH: 25    Dex: 14    Spells: 6/6 levels left

rFire    . . .     SeeInvis +   H - +14 obsidian axe {chop, +Fly SInv *Curse} (curse)
rCold    . . .     Gourm    .   G - +18 shield of the Gong {rElec rN+ MR+ EV-5}
rNeg     + . .     Faith    .   F - +15 Maxwell's patent armour {-Cast -Tele rElec MR+ rCorr}
rPois    .         Spirit   +   c - +0 helmet
rElec    +         Reflect  .   (no cloak)
rCorr    +         Harm     .   (no gloves)
MR       ++...     NoTele   +   (no boots) Stlth ..........NoCast +
                                (no amulet)
HPRegen  0.20/turn              (no ring)
MPRegen  0.10/turn              (no ring)

@: mesmerised, hasted and slowed
A: claws 1, magic shield
a: Minor Destruction, Renounce Religion, Evoke Flight


You were in the Dungeon.
You worshipped Makhleb.
Makhleb was pleased with you.
You were not hungry.

You visited 1 branch

Inventory:

Hand Weapons
 b - a +4 short sword of protection
 H - the cursed +14 obsidian axe (weapon) {chop, +Fly SInv *Curse}
   (You found it in the Dungeon)

   It inflicts extra damage upon your enemies.
   It lets you see invisible.
   It lets you fly.
   It curses itself when equipped.
   It has a curse placed upon it.
Missiles
 d - 3 throwing nets (quivered)
Armour
 c - a +0 helmet (worn)
 F - the +15 Maxwell's patent armour (worn) {-Cast -Tele rElec MR+ rCorr}
   (You found it in the Dungeon)

   It insulates you from electricity.
   It affects your resistance to hostile enchantments.
   It prevents spellcasting.
   It prevents most forms of teleportation.
   It provides partial protection from all sources of acid and corrosion.
 G - the +18 shield of the Gong (worn) {rElec rN+ MR+ EV-5}
   (You found it in the Dungeon)

   It affects your evasion (-5).
   It insulates you from electricity.
   It protects you from negative energy.
   It affects your resistance to hostile enchantments.
Jewellery
 z - a +6 ring of dexterity
 A - a +6 ring of dexterity
 B - a +6 ring of intelligence
 C - a +6 ring of intelligence
 D - a +6 ring of strength
 E - a +6 ring of strength
Wands
 w - a wand of disintegration (7)
 x - a wand of iceblast (7)
 y - a wand of acid (7)
Scrolls
 k - 4 scrolls of blinking
 l - 4 scrolls of amnesia
 m - 7 scrolls of fog
 n - 5 scrolls of identify
 o - 5 scrolls of remove curse
 p - 2 scrolls of fear
Potions
 e - 10 potions of curing
 g - 10 potions of heal wounds
 h - 5 potions of haste
 i - 7 potions of magic
 j - 3 potions of berserk rage
 q - 2 potions of brilliance
 r - a potion of invisibility
 s - 4 potions of resistance
 u - 5 potions of agility
 v - 5 potions of might
Miscellaneous
 a - a phial of floods (inert)
Comestibles
 f - 7 rations


   Skills:
 + Level 7.3 Fighting
 * Level 8.4 Axes
 - Level 4.7 Throwing
 + Level 6.5 Armour
 + Level 8.5 Dodging


You had 6 spell levels left.
You didn't know any spells.
Your spell library was empty.

Dungeon Overview and Level Annotations

Branches:
Dungeon (1/1)

Altars:
Ashenzari
Cheibriados
Dithmenos
Elyvilon
Fedhas
Gozag
Hepliaklqana
Kikubaaqudgha
Makhleb
Nemelex Xobeh
Okawaru
Qazlal
Ru
Sif Muna
Trog
Uskayaw
Vehumet
Wu Jian
Xom
Yredelemnul
Zin
The Shining One
Beogh
Jiyva
Lugonu

Annotations:
D 1 transporter


Innate Abilities, Weirdness & Mutations

You have sharp fingernails.
When hurt, damage is shared between your health and your magic reserves.


Message History

The death cob hits you but does no damage.
The death cob splashes around in the water.
You block the draconian's attack.
GONNNNG!
Your water elemental completely misses the death cob.
The death cob splashes around in the water.
The draconian splashes around in the water.
The death cob hits you.
* * * LOW HITPOINT WARNING * * *
The death cob drains your vigour!
You feel as though you will be slow longer.
The draconian splashes around in the water.
Your water elemental barely misses the death cob.
You slice the draconian!!
The draconian is almost dead.
You hit the death cob but do no damage.
Your shield and Maxwell's patent armour prevent you from hitting the death cob.
Visions of slaying the death cob flood into your mind.
The death cob hits you!!
You die...

▓..©..▓..©..▓▓▓▓▓▓▓
▓▓▓▓▓▓▓▓▓▓▓▓▓▓
▓..8©8...▓
▓..).[...▓
▓...:....▓
▓........▓
▓...d≈...▓
▓..zzE...▓
▓..d@≈...▓
▓▓▓▓▓▓▓▓▓▓


You could see 2 death cobs, 2 draconians and a friendly water elemental.

Vanquished Creatures
  2 jumping spiders (D)
  A hell hound (D)
  2 scorpions (D)
  An orc wizard (D)
  An orc (D)
  A fire vortex (D)
8 creatures vanquished.

Vanquished Creatures (collateral kills)
  A hell hound (D)
1 creature vanquished.

Grand Total: 9 creatures vanquished

Notes
Turn   | Place    | Note
-------+----------+-------------------------------------------
     0 | D        | Found the +6 Majin-Bo {vamp, Archmagi MP+6 Int+6}
     0 | D        | Found the +7 great mace "Firestarter" {inner flame, rF++}
     0 | D        | Baz the Demonspawn Gladiator began the quest for the Orb.
     0 | D        | Reached XP level 1. HP: 16/16 MP: 1/1
     2 | D        | Found a blossoming altar of Fedhas.
     3 | D        | Found a sacrificial altar of Ru.
     3 | D        | Found a deep blue altar of Sif Muna.
     3 | D        | Found a stormy altar of Qazlal.
     3 | D        | Found a bloodstained altar of Trog.
     3 | D        | Found an iron altar of Okawaru.
     3 | D        | Found a sparkling altar of Nemelex Xobeh.
     3 | D        | Found a transporter.
     3 | D        | Found an ancient bone altar of Kikubaaqudgha.
     3 | D        | Found a viscous altar of Jiyva.
     3 | D        | Found a corrupted altar of Lugonu.
     3 | D        | Found a hazy altar of Hepliaklqana.
     3 | D        | Found a burning altar of Makhleb.
     3 | D        | Found an opulent altar of Gozag.
    23 | D        | Found the +9 heavy crossbow "Sniper" {velocity, Acc+∞ SInv}
    23 | D        | Found the +10 dark maul {crush}
    23 | D        | Found the +15 Maxwell's patent armour {-Cast -Tele rElec
                  | MR+ rCorr}
    23 | D        | Found the +18 shield of the Gong {rElec rN+ MR+ EV-5}
    23 | D        | Found the cursed +14 obsidian axe {chop, +Fly SInv *Curse}
    44 | D        | Found the +6 shillelagh "Devastator" {shatter}
    44 | D        | Found the +11 plutonium sword {*Contam Stlth-}
    44 | D        | Found the +8 lance "Wyrmbane" {slay drac, rPois rF+ rC+
                  | AC+3}
    44 | D        | Found the +9 sword of Zonguldrok {reap}
    44 | D        | Found the cursed +13 scythe of Curses {drain, *Curse}
    44 | D        | Found the +0 sword of Power
    44 | D        | Found the +7 mace of Variability {chain chaos}
    44 | D        | Found the +7 Singing Sword {slice, sonic wave}
    44 | D        | Found the +7 longbow "Piercer" {penet, EV-2}
    64 | D        | Reached skill level 5 in Dodging
    64 | D        | Gained mutation: When hurt, damage is shared between your
                  | health and your magic reserves. [demonic ancestry]
    64 | D        | Reached XP level 2. HP: 22/22 MP: 2/2
    82 | D        | Became a worshipper of Makhleb the Destroyer
    90 | D        | Entered arena 2.
    90 | D        | Found a transporter.
    93 | D        | Reached XP level 3. HP: 28/28 MP: 3/3
    95 | D        | Noticed an ice devil
   110 | D        | Entered arena 3.
   110 | D        | Noticed a hell hound
   110 | D        | Noticed a hell hound
   110 | D        | Found a transporter.
   115 | D        | Killed a hell hound
   115 | D        | Reached * piety under Makhleb
   115 | D        | Gained mutation: You have sharp fingernails. [demonic
                  | ancestry]
   115 | D        | Reached XP level 4. HP: 9/38 MP: 1/4
   115 | D        | Reached XP level 5. HP: 10/43 MP: 1/5
   115 | D        | Killed a hell hound
   115 | D        | Reached skill level 5 in Fighting
   115 | D        | Reached skill level 5 in Axes
   359 | D        | Entered arena 4.
   359 | D        | Noticed a jumping spider
   359 | D        | Noticed a jumping spider
   359 | D        | Found a transporter.
   360 | D        | Found the +7 Kryia's mail coat {PotionHeal*2 rC+}
   367 | D        | Reached ** piety under Makhleb
   367 | D        | Reached skill level 5 in Armour
   367 | D        | Reached XP level 6. HP: 45/52 MP: 4/6
   378 | D        | Killed a jumping spider
   378 | D        | Reached XP level 7. HP: 41/59 MP: 4/7
   379 | D        | Killed a jumping spider
   529 | D        | Entered arena 5.
   529 | D        | Noticed a draconian
   529 | D        | Noticed a draconian
   529 | D        | Noticed a death cob
   529 | D        | Noticed a death cob
   529 | D        | Found a transporter.
   540 | D        | Demolished by a death cob

Skill      XL: |  1  2  3  4  5  6  7 |
---------------+----------------------+-----
Armour         | 4 5 6 |  6.5
Dodging        | 5 6 7 8 |  8.5
Axes           | 3 4 6 7 8 |  8.4
Throwing       | 2 4 |  4.7
Fighting       | 4 5 6 7 |  7.3

Action                   |  1- 3 |  4- 6 |  7- 9 || total
-------------------------+-------+-------+-------++-------
Melee: Broad axe         |    10 |    15 |    10 ||    35
Evoke: Phial of floods   |       |       |     1 ||     1
  Use: Potion            |     2 |       |     1 ||     3
 Stab: Distracted        |     1 |       |       ||     1
Armor: Plate armour      |     3 |    38 |    21 ||    62
Dodge: Dodged            |       |     1 |       ||     1
Block: Shield            |    14 |    47 |    29 ||    90
